 Dungeon Crawl Stone Soup version 0.31-a0-239-g0a1456f148 (webtiles) character file.

Game seed: 828542673896399510

217 qw the Shooter (level 5, -1/46 HPs)
             Began as a Minotaur Hexslinger on July 11, 2023.
             Slain by a kobold
             ... wielding a +0 dagger
              (3 damage)
             ... on level 4 of the Dungeon.
             The game lasted 00:01:01 (3013 turns).

qw the Shooter (Minotaur Hexslinger)                Turns: 3013, Time: 00:01:01

Health: -1/46      AC:  4    Str: 18    XL:     5   Next: 62%
Magic:  5/5        EV: 12    Int: 10    God:
Gold:   120        SH:  0    Dex: 15    Spells: 5/6 levels left

rFire   . . .        Y - +0 shortbow
rCold   . . .        (shield currently unavailable)
rNeg    . . .        h - +0 leather armour
rPois   .            (helmet restricted)
rElec   .            (no cloak)
rCorr   .            (no gloves)
SInv    .            j - +0 pair of boots
Will    .....        (no amulet)
Stlth   +            k - +6 ring of strength
HPRegen 0.27/turn    (no ring)
MPRegen 0.09/turn

%: no passive effects
@: no status effects
A: horns 2, retaliatory headbutt
a: no special abilities


You were on level 4 of the Dungeon.
You visited 1 branch of the dungeon, and saw 4 of its levels.

You collected 187 gold pieces.
You spent 67 gold pieces at shops.


Innate Abilities, Weirdness & Mutations

You have a pair of horns on your head.
You reflexively headbutt those who attack you in melee.


   Skills:
 - Level 4.1 Fighting
 + Level 5.4 Ranged Weapons
 - Level 2.1 Dodging
 - Level 1.0 Spellcasting
 - Level 2.0 Hexes


You had 5 spell levels left.
You knew the following spells:

 Your Spells              Type           Power      Damage    Failure   Level
a - Slow                  Hex            16%        N/A       19%         1

Your spell library contained the following spells:

 Spells                   Type           Power      Damage    Failure   Level
 Inner Flame              Hex/Fire       2%         N/A       63%         3
 Portal Projectile        Hex/Tloc       4%         N/A       63%         3
 Cause Fear               Hex            2%         N/A       87%         4

Inventory:

Hand Weapons
 Y - a +0 shortbow (weapon)
Armour
 f - a +0 ring mail
 h - a +0 leather armour (worn)
 j - a +0 pair of boots (worn)
Jewellery
 k - a +6 ring of strength (left hand)
Scrolls
 l - a scroll of identify
Potions
 a - a potion of haste {unknown}
 b - a potion of cancellation {unknown}
 c - a potion of heal wounds {unknown}
 d - a potion of mutation {unknown}
 g - a potion of might

Dungeon Overview and Level Annotations

Branches:
Dungeon (4/15)
 Temple: D:4-7

Altars:
Uskayaw

Shops:
D:2 ?[!(


Message History

You shoot an arrow. The arrow barely misses the iguana.
The iguana bites you.
You shoot an arrow. The arrow hits the iguana.
The iguana is moderately wounded.
The iguana bites you.
You shoot an arrow.
The arrow hits the iguana but does no damage.
The iguana is moderately wounded.
The iguana bites you! The iguana completely misses you.
You furiously retaliate!
You headbutt the iguana! You shoot an arrow.
The arrow hits the iguana but does no damage.
The iguana is severely wounded.
The iguana bites you.
3007 ||| READING scroll of teleportation.
As you read the scroll of teleportation, it crumbles to dust.
You feel strangely unstable. The iguana misses you.
You shoot an arrow. The arrow hits the iguana.
You kill the iguana!
You start resting.
Your surroundings suddenly seem different.
An ogre, 2 goblins, a kobold and a worm come into view.
The ogre shouts!
The kobold shouts!
The goblin shouts!
The hobgoblin shouts!
You shoot an arrow. The arrow hits the goblin!
You kill the goblin!
The hobgoblin barely misses you.
You shoot an arrow. The arrow hits the ogre!
The ogre is moderately wounded.
The hobgoblin barely misses you. You furiously retaliate!
You headbutt the hobgoblin!
You kill the hobgoblin!
The ogre hits you with a +0 giant club!
You shoot an arrow. The arrow hits the ogre!
The ogre is heavily wounded.
The ogre misses you. You furiously retaliate!
You headbutt the ogre. You shoot an arrow. The arrow closely misses the ogre.
The kobold closely misses you. The worm bites you but does no damage.
The kobold hits you with a +0 dagger.
You die...

# #
###########.#
..#...........#
#.'...........#
#.....w......
#....@O....#
#....K)....#
#..........#
#..........#
#..........#
#..........+
#..........#
#..........#


You could see an ogre, a worm and a kobold.

Vanquished Creatures
  An ogre (D:3)
  An iguana (D:4)
  A gnoll (D:1)
  2 adders
  4 dart slugs
  An orc (D:3)
  7 bats
  6 endoplasms
  3 giant cockroaches
  6 goblins
  8 hobgoblins
  5 jackals
  5 kobolds
  5 quokkas
  2 ball pythons
  6 frilled lizards
  3 rats
66 creatures vanquished.

Notes
Turn   | Place    | Note
-------+----------+-------------------------------------------
     0 | D:1      | qw the Minotaur Hexslinger began the quest for the Orb.
     0 | D:1      | Reached XP level 1. HP: 16/16 MP: 1/1
     0 | D:1      | 0 ||| qw: Version: 0.3-a-52-g30416fa
     0 | D:1      | 0 ||| qw: Game counter: 5925
     0 | D:1      | 0 ||| qw: Melee chars always use a shield: true
     0 | D:1      | 0 ||| qw: God list: Okawaru
     0 | D:1      | 0 ||| qw: Allow faded altars: false
     0 | D:1      | 0 ||| qw: Do Orc after clearing Dungeon:15 true
     0 | D:1      | 0 ||| qw: Do second Lair branch before Depths: true
     0 | D:1      | 0 ||| qw: Lair rune preference: random
     0 | D:1      | 0 ||| qw: Goals: Normal
     0 | D:1      | 0 ||| PLANNING D:1-11
    19 | D:1      | 19 ||| DROPPING scroll of poison.
   144 | D:1      | 144 ||| READING scroll labelled URCHEG IPSELEP.
   197 | D:1      | Reached skill level 3 in Ranged Weapons
   198 | D:1      | Reached XP level 2. HP: 17/23 MP: 2/2
   330 | D:1      | Found a faded altar of an unknown god.
   342 | D:1      | 342 ||| FLEEEEING.
   343 | D:1      | 343 ||| FLEEEEING.
   344 | D:1      | 344 ||| FLEEEEING.
   431 | D:1      | Reached XP level 3. HP: 29/29 MP: 3/3
   564 | D:1      | Reached skill level 4 in Ranged Weapons
   947 | D:1      | 947 ||| DROPPING ring of flight.
   948 | D:1      | 948 ||| READING scroll labelled NUOMIE YCYOSHRU.
   949 | D:1      | 949 ||| READING scroll labelled GACWOPNUHASM.
  1184 | D:2      | Found Ijugh's Weapon Boutique.
  1195 | D:2      | 1195 ||| BUYING +0 shortbow (39 gold).
  1195 | D:2      | Bought a +0 shortbow for 39 gold pieces
  1195 | D:2      | 1195 ||| SWAPPING to +0 shortbow.
  1196 | D:2      | 1196 ||| DROPPING +2 sling.
  1236 | D:2      | Reached XP level 4. HP: 36/36 MP: 4/4
  1236 | D:2      | Found Vyap's Distillery.
  1239 | D:2      | 1239 ||| SHOPLISTING potion of curing (33 gold, have 28).
  1239 | D:2      | 1239 ||| SHOPLISTING potion of heal wounds (55 gold, have
                  | 28).
  1239 | D:2      | 1239 ||| SHOPLISTING potion of might (44 gold, have 28).
  1239 | D:2      | 1239 ||| SHOPLISTING potion of mutation (88 gold, have 28).
  1377 | D:2      | Found Qorihiso's Armour Boutique.
  1388 | D:2      | 1388 ||| SHOPLISTING +0 cloak (63 gold, have 39).
  1388 | D:2      | 1388 ||| BUYING +0 leather armour (28 gold).
  1388 | D:2      | Bought a +0 leather armour for 28 gold pieces
  1388 | D:2      | 1388 ||| SHOPLISTING +0 ring mail (56 gold, have 11).
  1388 | D:2      | 1388 ||| SHOPLISTING +1 leather armour of fire resistance
                  | (196 gold, have 11).
  1388 | D:2      | 1388 ||| SHOPLISTING +5 ring mail of Wisdom {Int+2 SInv}
                  | (621 gold, have 11).
  1548 | D:2      | Found Iczejuf's Magic Scroll Shop.
  1572 | D:2      | 1572 ||| SHOPLISTING scroll of enchant weapon (97 gold,
                  | have 11).
  1572 | D:2      | 1572 ||| SHOPLISTING scroll of identify (26 gold, have 11).
  1572 | D:2      | 1572 ||| SHOPLISTING scroll of teleportation (39 gold, have
                  | 11).
  1933 | D:2      | 1933 ||| UPGRADING to +0 leather armour.
  1943 | D:2      | 1943 ||| DROPPING +0 robe.
  1944 | D:2      | 1944 ||| UPGRADING to +0 pair of boots.
  1949 | D:2      | 1949 ||| UPGRADING to +6 ring of strength.
  1950 | D:2      | 1950 ||| READING 2 scrolls labelled ETUQIZX EC TUO.
  1955 | D:2      | 1955 ||| READING scroll labelled DETESULEIN.
  1956 | D:2      | 1956 ||| DRINKING 2 clear potions.
  2104 | D:3      | Reached skill level 5 in Ranged Weapons
  2377 | D:3      | Found a hide-covered altar of Uskayaw.
  2377 | D:3      | Noticed an ogre
  2382 | D:3      | HP: 2/36 [ogre/+0 giant club (14)]
  2383 | D:3      | 2383 ||| READING 2 scrolls of teleportation.
  2385 | D:3      | Killed an ogre
  2386 | D:3      | Reached XP level 5. HP: 4/46 MP: 5/5
  2881 | D:3      | 2881 ||| DRINKING 2 sedimented puce potions.
  2913 | D:3      | 2913 ||| DRINKING 2 grey potions.
  2914 | D:3      | 2914 ||| DROPPING potion of lignification.
  2915 | D:3      | 2915 ||| DROPPING potion of brilliance.
  3006 | D:4      | HP: 8/46 [iguana (5)]
  3007 | D:4      | 3007 ||| READING scroll of teleportation.
  3009 | D:4      | Noticed an ogre
  3011 | D:4      | HP: 1/46 [ogre/+0 giant club (8)]
  3013 | D:4      | Slain by a kobold

Levels and vault maps discovered:
D:1:      roderic_crop_circles_arrival_small, layout_basic, serial_forest,
          infiniplex_forest_straight_4, infiniplex_forest_lined_3,
          infiniplex_forest_clump_long, infiniplex_forest_straight_2,
          infiniplex_forest_lined_3, infiniplex_forest_clump_small,
          infiniplex_forest_end_2, infiniplex_forest_end_3,
          infiniplex_forest_join, infiniplex_forest_straight_1,
          hellmonk_ecumenical_altar_crossroads
D:2:      layout_basic, serial_shops, nicolae_shop_tiny_waterfront,
          nicolae_shop_tiny_real_fake_doors, nicolae_shop_crystal, shop,
          minmay_tree_intersection
D:3:      layout_basic, nicolae_uskayaw_murder_on_the_dancefloor
D:4:      layout_basic, kennysheep_mini, lemuel_round_altar,
          hangedman_decor_riveting

Skill      XL: |  1  2  3  4 |
---------------+-------------+-----
Ranged Weapons | 3 4 5 |  5.4
Fighting       | 2 4 |  4.1
Dodging        | |  2.1
Spellcasting   | |  1.0
Hexes          | |  2.0

Action                     |  1- 3 |  4- 6 || total
---------------------------+-------+-------++-------
   Fire: Sling             |    91 |       ||    91
         Shortbow          |    13 |    80 ||    93
    Use: Scroll            |     3 |     4 ||     7
         Potion            |       |     3 ||     3
 Armour: Robe              |     3 |       ||     3
         Leather armour    |       |     4 ||     4
  Dodge: Dodged            |    20 |    17 ||    37

Table legend:
 A = Non-vault XP
 B = Vault XP
 C = Vault XP percentage of total XP
 D = Non-vault monster count
 E = Vault monster count
 F = Vault count percentage of total count
                 A         B        C        D         E       F
            +---------+---------+-------+---------+---------+-------
      Total |     311 |       0 |   0.0 |      66 |       0 |   0.0
            +---------+---------+-------+---------+---------+-------
        D:1 |      74 |       0 |   0.0 |      31 |       0 |   0.0
        D:2 |      43 |       0 |   0.0 |      19 |       0 |   0.0
        D:3 |     151 |       0 |   0.0 |      13 |       0 |   0.0
        D:4 |      43 |       0 |   0.0 |       3 |       0 |   0.0
            +---------+---------+-------+---------+---------+-------
